NCAA
WEST VIRGINIA MOUNTAINEERS @ SOUTHERN CALIFORNIA TROJANS
04/23/2027
 
TOP OF THE 1ST
West Virginia Mountaineers batting - Pitching for Southern California Trojans : RHP Carlos Encarnación
Pitching: RHP Carlos Encarnación
Batting: RHB Tom Fisher 0-0: Called Strike
0-1: Swinging Strike
0-2: Ball
1-2: Ball
2-2: SINGLE (Groundball, 56S) (infield hit)
Batting: RHB Greg Smith 0-0: Called Strike
0-1: Called Strike
0-2: Ball
1-2: Strikes out swinging
Tom Fisher steals 2nd base
Batter strikes out.
Batting: LHB Paco Córdova 0-0: Ball
1-0: Ball
2-0: Ball
3-0: Base on Balls
Batting: RHB Víctor León 0-0: Ball
1-0: Swinging Strike
1-1: SINGLE (Flyball, 8RS)
Tom Fisher to third
Paco Córdova to second
Batting: RHB Dennis Kelly 0-0: Ball
1-0: Swinging Strike
1-1: Foul Ball, location: 2F
1-2: Ball
2-2: GRAND SLAM HOME RUN (Flyball, 7D), Distance : 367 ft
Batting: RHB Alfonso Flores 0-0: Ball
1-0: SINGLE (Groundball, 6) (infield hit)
Batting: SHB Karl Webster 0-0: Called Strike
0-1: Called Strike
0-2: Ball
1-2: Fly out, F9 (Flyball, 9)
Batting: LHB Juan Franco 0-0: Ball
1-0: Ball
2-0: Foul Ball, location: 2F
2-1: Called Strike
2-2: SINGLE (Groundball, 3D)
Alfonso Flores to second
Alfonso Flores to third
Batting: RHB Ian Howard 0-0: Ball
1-0: Fielders Choice at 2nd, 4-6 (Groundball, 4)
Top of the 1st over - 4 run(s), 5 hit(s), 0 error(s), 1 left on base; West Virginia 4 - Southern California 0
BOTTOM OF THE 1ST
Southern California Trojans batting - Pitching for West Virginia Mountaineers : LHP Alberto Romo
Pitching: LHP Alberto Romo
Batting: RHB José Hernández 0-0: Ball
1-0: Foul Ball, location: 2F
1-1: Called Strike
1-2: Ball
2-2: Strikes out swinging
Batting: RHB Ben Byrd 0-0: Ball
1-0: Ball
2-0: Ball
3-0: Called Strike
3-1: Called Strike
3-2: Fly out, F9 (Flyball, 89M)
Batting: LHB Kel Smith 0-0: Called Strike
0-1: SINGLE (Line Drive, 7S)
Batting: RHB Mike Carter 0-0: Ball
1-0: Swinging Strike
1-1: Swinging Strike
1-2: Ball
2-2: Strikes out looking
Bottom of the 1st over - 0 run(s), 1 hit(s), 0 error(s), 1 left on base; West Virginia 4 - Southern California 0
TOP OF THE 2ND
West Virginia Mountaineers batting - Pitching for Southern California Trojans : RHP Carlos Encarnación
Batting: RHB Tom Fisher 0-0: Foul Ball, location: 2F
0-1: Ball
1-1: Foul Ball, location: 2F
1-2: Ground out 6-3 (Groundball, 6)
Batting: RHB Greg Smith 0-0: Called Strike
0-1: SINGLE (Line Drive, 78S)
Batting: LHB Paco Córdova 0-0: Ball
1-0: Ball
2-0: Called Strike
2-1: Foul Ball, location: 2F
2-2: Ball
3-2: Base on Balls
Greg Smith to second
Batting: RHB Víctor León 0-0: Called Strike
0-1: Foul Ball, location: 2F
0-2: Fly out, F7 (Line Drive, 7)
Batting: RHB Dennis Kelly 0-0: Called Strike
0-1: Ball
1-1: Foul Ball, location: 2F
1-2: Ball
Wild Pitch!
Greg Smith to third
Paco Córdova to second
2-2: Foul Ball, location: 2F
2-2: Foul Ball, location: 2F
2-2: Strikes out swinging
Top of the 2nd over - 0 run(s), 1 hit(s), 0 error(s), 2 left on base; West Virginia 4 - Southern California 0
BOTTOM OF THE 2ND
Southern California Trojans batting - Pitching for West Virginia Mountaineers : LHP Alberto Romo
Batting: SHB Will O'Clerkin 0-0: SINGLE (Line Drive, 34D)
Batting: RHB Enrico Davis 0-0: Ball
1-0: Ball
2-0: Called Strike
2-1: Ball
3-1: Called Strike
3-2: Base on Balls
Will O'Clerkin to second
Batting: LHB Steve Herman 0-0: Called Strike
0-1: Fielders Choice at 2nd, 1-6 (Groundball, 13S)
Will O'Clerkin to third
Batting: RHB Eddy Davenport 0-0: Ball
1-0: Ball
2-0: Ball
3-0: Base on Balls
Steve Herman to second
Batting: RHB Wade Martin 0-0: Grounds into double play, 5-4-3 (Groundball, 56)
Bottom of the 2nd over - 0 run(s), 1 hit(s), 0 error(s), 2 left on base; West Virginia 4 - Southern California 0
TOP OF THE 3RD
West Virginia Mountaineers batting - Pitching for Southern California Trojans : RHP Carlos Encarnación
Batting: RHB Alfonso Flores 0-0: Called Strike
0-1: Ball
1-1: Ball
2-1: Ball
3-1: Foul Ball, location: 2F
3-2: SOLO HOME RUN (Line Drive, 8LXD), Distance : 392 ft
Batting: SHB Karl Webster 0-0: Ball
1-0: Ball
2-0: Called Strike
2-1: Foul Ball, location: 2F
2-2: Ball
3-2: Foul Ball, location: 2F
3-2: Fly out, F9 (Flyball, 9S)
Batting: LHB Juan Franco 0-0: Called Strike
0-1: Foul Ball, location: 2F
0-2: Ball
1-2: Ball
2-2: Ball
3-2: Foul Ball, location: 2F
3-2: Foul Ball, location: 2F
3-2: Base on Balls
Batting: RHB Ian Howard 0-0: Called Strike
0-1: Foul Ball, location: 2F
0-2: Strikes out looking
Pitching: RHP R.J. McAlduie
Batting: RHB Tom Fisher 0-0: Fly out, F8 (Flyball, 8RM)
Top of the 3rd over - 1 run(s), 1 hit(s), 0 error(s), 1 left on base; West Virginia 5 - Southern California 0
BOTTOM OF THE 3RD
Southern California Trojans batting - Pitching for West Virginia Mountaineers : LHP Alberto Romo
Batting: RHB José Hernández 0-0: Called Strike
0-1: SINGLE (Groundball, 34D)
Batting: RHB Ben Byrd 0-0: Called Strike
José Hernández is caught stealing 2nd base
0-1: Swinging Strike
0-2: Ball
1-2: Ball
2-2: Strikes out swinging
Batting: LHB Kel Smith 0-0: Called Strike
0-1: Foul Ball, location: 2F
0-2: Strikes out swinging
Bottom of the 3rd over - 0 run(s), 1 hit(s), 0 error(s), 0 left on base; West Virginia 5 - Southern California 0
TOP OF THE 4TH
West Virginia Mountaineers batting - Pitching for Southern California Trojans : RHP R.J. McAlduie
Batting: RHB Greg Smith 0-0: Foul Ball, location: 2F
0-1: Called Strike
0-2: Ball
1-2: Foul Ball, location: 2F
1-2: SINGLE (Line Drive, 6D)
Batting: LHB Paco Córdova 0-0: Hit by Pitch
Greg Smith to second
Batting: RHB Víctor León 0-0: Ball
1-0: Fly out, F6 (Line Drive, 6)
Lined into DP, 6-4 (Line Drive, 6)
Batting: RHB Dennis Kelly 0-0: DOUBLE (Flyball, 89D)
Paco Córdova to third
Runner from 3rd tries for Home, throw and OUT!
Top of the 4th over - 0 run(s), 2 hit(s), 0 error(s), 1 left on base; West Virginia 5 - Southern California 0
BOTTOM OF THE 4TH
Southern California Trojans batting - Pitching for West Virginia Mountaineers : LHP Alberto Romo
Batting: RHB Mike Carter 0-0: Fly out, F8 (Line Drive, 8LM)
Batting: SHB Will O'Clerkin 0-0: Called Strike
0-1: SINGLE (Groundball, 5D)
Batting: RHB Enrico Davis 0-0: Called Strike
0-1: Ball
1-1: Called Strike
1-2: Foul Ball, location: 2F
1-2: Grounds into double play, 6-4-3 (Groundball, 6)
Bottom of the 4th over - 0 run(s), 1 hit(s), 0 error(s), 0 left on base; West Virginia 5 - Southern California 0
TOP OF THE 5TH
West Virginia Mountaineers batting - Pitching for Southern California Trojans : RHP R.J. McAlduie
Batting: RHB Alfonso Flores 0-0: SINGLE (Flyball, 89S)
Batting: SHB Karl Webster 0-0: Called Strike
Alfonso Flores steals 2nd base
0-1: Fly out, F8 (Flyball, 8RS)
Batting: LHB Juan Franco 0-0: Ball
1-0: Called Strike
1-1: Ball
2-1: Called Strike
2-2: Strikes out swinging
Batting: RHB Ian Howard 0-0: Ball
1-0: Swinging Strike
1-1: Fly out, F8 (Flyball, 8RM)
Top of the 5th over - 0 run(s), 1 hit(s), 0 error(s), 1 left on base; West Virginia 5 - Southern California 0
BOTTOM OF THE 5TH
Southern California Trojans batting - Pitching for West Virginia Mountaineers : LHP Alberto Romo
Batting: LHB Steve Herman 0-0: Ball
1-0: Ball
2-0: Ball
3-0: Called Strike
3-1: Base on Balls
Batting: RHB Eddy Davenport 0-0: Ball
1-0: Foul Ball, location: 2F
1-1: Grounds into double play, 6-4-3 (Groundball, 56)
Batting: RHB Wade Martin 0-0: Swinging Strike
0-1: Ball
1-1: Ball
2-1: Ball
3-1: Called Strike
3-2: Foul Ball, location: 2F
3-2: Foul Ball, location: 2F
3-2: Base on Balls
Batting: RHB José Hernández 0-0: Ball
1-0: Fly out, F8 (Flyball, 8RM)
Bottom of the 5th over - 0 run(s), 0 hit(s), 0 error(s), 1 left on base; West Virginia 5 - Southern California 0
TOP OF THE 6TH
West Virginia Mountaineers batting - Pitching for Southern California Trojans : RHP R.J. McAlduie
Batting: RHB Tom Fisher 0-0: Foul Ball, location: 2F
0-1: Foul Ball, location: 2F
0-2: Ball
1-2: Strikes out swinging
Batting: RHB Greg Smith 0-0: Called Strike
0-1: Ball
1-1: Ball
2-1: Reached on error, E6 (Groundball, 6)
Batting: LHB Paco Córdova 0-0: Ball
1-0: Foul Ball, location: 2F
1-1: Called Strike
1-2: Ball
2-2: Ground out U3 (Groundball, 3)
Greg Smith to second
Batting: RHB Víctor León 0-0: Called Strike
0-1: Foul Ball, location: 2F
0-2: SINGLE (Groundball, 6D)
Greg Smith to third
Runner from 3rd tries for Home, SAFE, throw made home
Víctor León to second
Batting: RHB Dennis Kelly 0-0: Ball
1-0: Ball
2-0: Ball
3-0: Called Strike
3-1: Base on Balls
Batting: RHB Alfonso Flores 0-0: Ball
1-0: Called Strike
1-1: Fielders Choice at 2nd, 4-6 (Groundball, 4)
Top of the 6th over - 1 run(s), 1 hit(s), 1 error(s), 1 left on base; West Virginia 6 - Southern California 0
BOTTOM OF THE 6TH
Southern California Trojans batting - Pitching for West Virginia Mountaineers : LHP Alberto Romo
Batting: RHB Ben Byrd 0-0: Ball
1-0: Ball
2-0: Ball
3-0: Called Strike
3-1: Base on Balls
Batting: LHB Kel Smith 0-0: Ball
1-0: Swinging Strike
1-1: Swinging Strike
1-2: Grounds into double play, 4-6-3 (Groundball, 4)
Batting: RHB Mike Carter 0-0: Called Strike
0-1: Ball
1-1: Foul Ball, location: 2F
1-2: Foul Ball, location: 2F
1-2: Strikes out swinging
Bottom of the 6th over - 0 run(s), 0 hit(s), 0 error(s), 0 left on base; West Virginia 6 - Southern California 0
TOP OF THE 7TH
West Virginia Mountaineers batting - Pitching for Southern California Trojans : RHP R.J. McAlduie
Batting: SHB Karl Webster 0-0: Called Strike
0-1: Ball
1-1: Ball
2-1: Fly out, F9 (Line Drive, 89M)
Batting: LHB Juan Franco 0-0: Ball
1-0: Foul Ball, location: 2F
1-1: Foul Ball, location: 2F
1-2: Ball
2-2: Ball
3-2: Foul Ball, location: 2F
3-2: Strikes out swinging
Batting: RHB Ian Howard 0-0: SINGLE (Groundball, 6M) (infield hit)
Batting: RHB Tom Fisher 0-0: Ball
1-0: Fly out, F7 (Flyball, 7LSF)
Top of the 7th over - 0 run(s), 1 hit(s), 0 error(s), 1 left on base; West Virginia 6 - Southern California 0
BOTTOM OF THE 7TH
Southern California Trojans batting - Pitching for West Virginia Mountaineers : LHP Alberto Romo
Pitching: LHP Will Merritt
Batting: SHB Will O'Clerkin 0-0: Called Strike
0-1: Swinging Strike
0-2: Foul Ball, location: 2F
0-2: Strikes out swinging
Batting: RHB Enrico Davis 0-0: Ball
1-0: Ball
2-0: Called Strike
2-1: Foul Ball, location: 2F
2-2: Foul Ball, location: 2F
2-2: Ball
3-2: Base on Balls
Batting: LHB Steve Herman 0-0: Ball
1-0: Ball
2-0: Foul Ball, location: 2F
2-1: Ball
3-1: Called Strike
3-2: Foul Ball, location: 2F
3-2: Grounds into double play, 4-6-3 (Groundball, 34)
Bottom of the 7th over - 0 run(s), 0 hit(s), 0 error(s), 0 left on base; West Virginia 6 - Southern California 0
TOP OF THE 8TH
West Virginia Mountaineers batting - Pitching for Southern California Trojans : RHP R.J. McAlduie
Pitching: LHP Jeffery Ritchie
Batting: RHB Greg Smith 0-0: Ball
1-0: Swinging Strike
1-1: Fly out, F9 (Flyball, 89D)
Batting: LHB Paco Córdova 0-0: Ball
1-0: Called Strike
1-1: Ball
2-1: Swinging Strike
2-2: Ball
3-2: Base on Balls
Batting: RHB Víctor León 0-0: Called Strike
0-1: Ball
1-1: Foul Ball, location: 2F
1-2: SINGLE (Groundball, 6D)
Paco Córdova to second
Batting: RHB Dennis Kelly 0-0: Ball
1-0: Fly out, F6 (Line Drive, 6)
Batting: RHB Alfonso Flores 0-0: Ball
1-0: Foul Ball, location: 2F
1-1: Ball
2-1: Ball
3-1: Foul Ball, location: 2F
3-2: Base on Balls
Paco Córdova to third
Víctor León to second
Batting: SHB Karl Webster 0-0: Ball
1-0: Ball
2-0: Ball
3-0: Called Strike
3-1: Base on Balls
Paco Córdova scores
Víctor León to third
Alfonso Flores to second
Batting: LHB Juan Franco 0-0: Ball
1-0: Ball
2-0: Fielders Choice at 2nd, 6-4 (Groundball, 6)
Top of the 8th over - 1 run(s), 1 hit(s), 0 error(s), 2 left on base; West Virginia 7 - Southern California 0
BOTTOM OF THE 8TH
Southern California Trojans batting - Pitching for West Virginia Mountaineers : LHP Will Merritt
Batting: RHB Eddy Davenport 0-0: Foul Ball, location: 2F
0-1: Ball
1-1: Ball
2-1: Swinging Strike
2-2: Ball
3-2: Foul Ball, location: 2F
3-2: Base on Balls
Batting: RHB Wade Martin 0-0: SINGLE (Line Drive, 9LS)
Eddy Davenport to second
Batting: RHB José Hernández 0-0: Ball
1-0: Ball
2-0: Called Strike
2-1: Ball
3-1: Base on Balls
Eddy Davenport to third
Wade Martin to second
Batting: RHB Ben Byrd 0-0: Swinging Strike
0-1: Ball
1-1: Ball
2-1: Ball
3-1: Base on Balls
Eddy Davenport scores
Wade Martin to third
José Hernández to second
Batting: LHB Kel Smith 0-0: Ball
1-0: Called Strike
1-1: Ball
2-1: Ball
3-1: Base on Balls
Wade Martin scores
José Hernández to third
Ben Byrd to second
Pitching: LHP Josh Fritz
Batting: RHB Mike Carter 0-0: Called Strike
0-1: Ball
1-1: Fly out, F4 (Popup, 34)
Batting: SHB Will O'Clerkin 0-0: Fly out, F8 (Flyball, 78M)
Runner from 3rd tags up, SCORES, no throw
Pitching: RHP John Jones
Batting: RHB Enrico Davis 0-0: Ball
1-0: Foul Ball, location: 2F
1-1: Ball
2-1: Ball
3-1: Called Strike
3-2: Fly out, F8 (Flyball, 89XD)
Bottom of the 8th over - 3 run(s), 1 hit(s), 0 error(s), 2 left on base; West Virginia 7 - Southern California 3
TOP OF THE 9TH
West Virginia Mountaineers batting - Pitching for Southern California Trojans : LHP Jeffery Ritchie
Batting: RHB Ian Howard 0-0: Called Strike
0-1: Called Strike
0-2: Foul Ball, location: 2F
0-2: Ball
1-2: Ball
2-2: Ball
3-2: Base on Balls
Batting: RHB Tom Fisher 0-0: Sac Bunt - play at first, batter OUT! 2-3
Ian Howard to second
Batting: RHB Greg Smith 0-0: Ball
1-0: SINGLE (Flyball, 6MD)
Ian Howard to third
Batting: LHB Paco Córdova 0-0: Ball
1-0: Ball
2-0: Ball
3-0: Base on Balls
Greg Smith to second
Batting: RHB Víctor León 0-0: Fly out, F8 (Flyball, 78M)
Runner from 3rd tags up, SCORES, throw made
Pitching: RHP César Álvarez
Batting: RHB Dennis Kelly 0-0: Ball
1-0: Ball
2-0: Called Strike
2-1: Ball
3-1: Called Strike
3-2: Base on Balls
Greg Smith to third
Paco Córdova to second
Batting: RHB Alfonso Flores 0-0: Swinging Strike
0-1: Called Strike
0-2: Ball
1-2: Fly out, F4 (Popup, 4MD)
Top of the 9th over - 1 run(s), 1 hit(s), 0 error(s), 3 left on base; West Virginia 8 - Southern California 3
BOTTOM OF THE 9TH
Southern California Trojans batting - Pitching for West Virginia Mountaineers : RHP John Jones
Now at 1B: Lee Scott
Now in LF: George Howell
Batting: LHB Steve Herman 0-0: Swinging Strike
0-1: Ball
1-1: Foul Ball, location: 2F
1-2: Foul Ball, location: 2F
1-2: Ball
2-2: Strikes out looking
Batting: RHB Eddy Davenport 0-0: Ball
1-0: Ball
2-0: Foul Ball, location: 2F
2-1: Ball
3-1: Foul Ball, location: 2F
3-2: Base on Balls
Pitching: LHP Elmer Ramírez
Batting: RHB Wade Martin 0-0: Ball
1-0: Called Strike
1-1: Ball
2-1: Ball
3-1: Foul Ball, location: 2F
3-2: Base on Balls
Eddy Davenport to second
Batting: RHB José Hernández 0-0: Ball
1-0: Swinging Strike
1-1: Ball
2-1: Called Strike
2-2: Strikes out swinging
Batting: RHB Ben Byrd 0-0: Foul Ball, location: 2F
0-1: Ball
1-1: Hit by Pitch
Eddy Davenport to third
Wade Martin to second
Batting: LHB Kel Smith 0-0: Ball
1-0: Ball
2-0: Ball
3-0: Base on Balls
Eddy Davenport scores
Wade Martin to third
Ben Byrd to second
Batting: RHB Mike Carter 0-0: Ball
1-0: Ball
2-0: Called Strike
2-1: Foul Ball, location: 2F
2-2: Strikes out looking
Bottom of the 9th over - 1 run(s), 0 hit(s), 0 error(s), 3 left on base; West Virginia 8 - Southern California 4
Thursday, March 30th, 2017 - OOTP Baseball 17.12 Build 75